Map: Ley Lines

Players

Fjant - Winner!

  • Race: Zerg Zerg
  • League: Grandmaster
  • Spawn Location: 1:00

LiquidMaNa (MaNa)

  • Race: Protoss Protoss
  • League: Grandmaster
  • Spawn Location: 7:00

Event: HomeStory Cup XXVII

VOD

Have the link to the VOD?

Description

Time

  • Played on: June 27, 2025, 8:36 a.m.
  • Length: 9:14

All games in this series

Show
View Real Time Build Order
Export as new Build Order

Fjant Zerg - Winner!

Build Orders: Pool First 

Get SALT Encoding   

  12  0:17  Spawning Pool  
  11  0:22  Drone  
  11  0:26  Drone  
  13  0:31  Drone  
  14  0:39  Overlord  
  14  1:04  Zergling x4  
  14  1:05  Zergling x2  
  17  1:20  Hatchery  
  17  1:22  Zergling x2  
  17  1:27  Zergling x2  
  18  1:34  Queen  
  20  1:43  Zergling x2  
  22  2:02  Hatchery  
  22  2:07  Overlord  
  21  2:12  Drone  
  21  2:26  Drone  
  21  2:27  Drone  
  21  2:28  Queen  
  24  2:41  Drone  
  24  2:42  Zergling x2  
  26  2:52  Drone  
  26  2:58  Extractor  
  24  2:59  Drone  
  24  3:00  Drone  
  24  3:02  Drone  
  24  3:04  Queen  
  29  3:08  Zergling x2  
  30  3:17  Drone  
  30  3:18  Zergling x2  
  30  3:19  Queen  
  34  3:25  Zergling x2  
  35  3:31  Zergling x2  
  36  3:36  Overlord  
  35  3:44  Zergling x2  
  35  3:45  Drone  
  35  3:52  Drone x2  
  36  3:57  Drone x4  
  36  4:00  Metabolic Boost  
  40  4:08  Drone x2  
  42  4:15  Drone  
  43  4:22  Zergling x2  
  44  4:26  Overlord  
  44  4:38  Extractor  
  44  4:43  Hatchery  
  43  4:46  Drone x7  
  50  4:54  Drone x2  
  50  4:57  Spore Crawler  
  50  4:59  Zergling x2  
  52  5:05  Overlord  
  52  5:08  Overlord  
  52  5:13  Overlord  
  52  5:15  Overlord  
  52  5:18  Overlord  
  52  5:23  Overlord  
  52  5:27  Drone x2  
  52  5:28  Drone  
  54  5:30  Drone  
  54  5:33  Drone  
  56  5:36  Drone x2  
  56  5:37  Queen  
  56  5:42  Zergling x4  
  61  5:43  Roach Warren  
  61  5:47  Zergling x6  
  61  5:48  Drone  
  62  5:54  Extractor  
  62  5:55  Extractor  
  60  6:00  Lair  
  60  6:02  Zergling x4  
  62  6:05  Zergling x2  
  62  6:06  Zergling x6  
  65  6:13  Zergling x8  
  65  6:23  Zergling x2  
  62  6:31  Spore Crawler  
  62  6:32  Roach x4  
  63  6:34  Spore Crawler  
  63  6:35  Roach  
  64  6:42  Roach x3  
  64  6:46  Roach  
  73  6:47  Drone  
  73  6:55  Drone  
  73  6:57  Drone  
  73  6:59  Overseer  
  75  7:02  Roach x3  
  75  7:06  Roach  
  75  7:07  Roach  
  84  7:09  Roach  
  84  7:13  Overlord  
  88  7:15  Roach  
  88  7:18  Roach  
  88  7:21  Zergling x2  
  90  7:25  Zergling x4  
  90  7:29  Zergling x6  
  95  7:34  Zergling x6  
  96  7:38  Ravager x3  
  96  7:39  Zergling x2  
  96  7:41  Zergling x2  
  96  7:43  Drone  
  101  7:44  Drone  
  101  7:47  Zergling x2, Overseer  
  101  7:48  Zergling x2  
  101  7:52  Zergling x4  
  101  7:56  Zergling x6  
  103  8:00  Drone x2  
  103  8:03  Drone  
  103  8:04  Drone  
  103  8:05  Zergling x2  
  105  8:07  Overlord  
  101  8:16  Drone x2  
  101  8:17  Drone  
  101  8:18  Drone  
  105  8:20  Overseer  
  105  8:25  Overlord  
  105  8:29  Overlord  
  101  8:42  Overseer  
  101  8:43  Overseer  
  101  8:44  Overlord  
  101  8:47  Zergling x22  
  104  8:57  Zergling x10  
Show
View Real Time Build Order
Export as new Build Order

LiquidMaNa Protoss 

Build Orders:  

Get SALT Encoding   

  12  0:00  Probe  
  13  0:12  Probe  
  14  0:19  Pylon  
  14  0:24  Probe  
  15  0:33  Probe  
  15  0:41  Probe  
  16  0:43  Gateway  
  17  0:51  Probe  
  17  0:55  Assimilator  
  19  1:11  Gateway  
  19  1:16  Probe  
  19  1:19  Forge  
  19  1:35  Cybernetics Core  
  19  1:36  Probe  
  20  1:48  Probe  
  20  1:52  Photon Cannon  
  21  2:08  Pylon  
  21  2:10  Probe  
  22  2:16  Pylon  
  22  2:22  Adept  
  23  2:26  Adept  
  25  2:32  Pylon  
  25  2:36  Pylon  
  22  3:04  Adept  
  24  3:09  Warp Gate  
  24  3:13  Probe  
  25  3:20  Adept  
  25  3:25  Probe  
  28  3:37  Probe  
  29  3:49  Probe  
  30  3:58  Nexus  
  31  4:08  Twilight Council  
  30  4:11  Probe  
  31  4:18  Assimilator  
  31  4:22  Probe  
  32  4:24  Resonating Glaives  
  32  4:30  Probe  
  32  4:38  Probe  
  34  4:46  Gateway  
  34  4:50  Probe  
  35  4:57  Stalker  
  35  4:59  Adept  
  39  5:09  Probe  
  39  5:10  Probe  
  41  5:22  Adept  
  41  5:23  Probe x2  
  41  5:27  Pylon  
  45  5:29  Adept  
  45  5:35  Probe  
  46  5:38  Probe  
  46  5:42  Pylon  
  47  5:52  Dark Shrine  
  47  6:00  Probe  
  47  6:02  Adept x3  
  54  6:17  Probe x2  
  54  6:27  Adept  
  54  6:29  Probe x2  
  54  6:31  Pylon  
  50  6:34  Adept  
  50  6:35  Adept  
  52  6:41  Probe x2  
  54  6:49  Blink  
  54  6:50  Nexus  
  54  6:54  Probe x2  
  56  7:02  Pylon  
  56  7:04  Dark Templar  
  56  7:05  Dark Templar  
  60  7:11  Probe  
  60  7:12  Probe  
  62  7:17  Pylon  
  62  7:22  Shield Battery  
  62  7:25  Assimilator  
  62  7:27  Stalker  
  60  7:37  Stalker x2  
  60  7:40  Probe  
  65  7:44  Shield Battery  
  65  7:49  Probe  
  66  7:51  Stalker  
  64  8:00  Stalker x2  
  62  8:09  Pylon  
  62  8:14  Stalker  
  64  8:22  Shield Battery  
  64  8:24  Gateway  
  64  8:26  Shield Battery  
  64  8:31  Gateway  
  61  8:37  Dark Templar  
  53  8:44  Dark Templar, Probe x2  
  34  8:57  Probe  
  34  8:59  Probe  
Tags
 
Add a new tag
Caveats
  • Supply blocks, unpowered buildings, or Contaminate may cause inaccurate times.
  • Supply counts are checked every 10 seconds.